 Dungeon Crawl Stone Soup version 0.23.2-1-ga50397a6bc (webtiles) character file.

Game seed: 12499163828612431810

15029 Kinoniko the Cleaver (level 12, -3/104 HPs)
             Began as a Hill Orc Fighter on May 3, 2019.
             Was a High Priest of Beogh.
             Killed from afar by a storm dragon (29 damage)
             ... with a bolt of lightning
             ... on level 12 of the Dungeon.
             The game lasted 00:54:44 (12460 turns).

Kinoniko the Cleaver (Hill Orc Fighter)            Turns: 12460, Time: 00:54:44

Health: -3/104     AC: 23    Str: 24    XL:     12   Next: 22%
Magic:  17/17      EV:  8    Int:  8    God:    Beogh [*****.]
Gold:   118        SH: 13    Dex: 13    Spells: 11/11 levels left

rFire    + . .     SeeInvis .   a - +3 war axe
rCold    + + .     Gourm    .   c - +1 shield
rNeg     . . .     Faith    .   p - +0 plate armour
rPois    .         Spirit   .   m - +2 helmet
rElec    .         Reflect  .   y - +1 cloak
rCorr    .         Harm     .   (no gloves)
MR       .....                  H - +2 pair of boots
Stlth    ..........             C - amulet of the Quahog {+Rage rF+ rC++}
HPRegen  0.27/turn              k - +3 ring of dexterity
MPRegen  0.15/turn              z - +3 ring of slaying

@: hasted, very quick
A: walk on water
a: Smiting, Recall Orcish Followers, Give Item to Named Follower, Renounce
Religion, Evoke Berserk Rage


You were on level 12 of the Dungeon.
You worshipped Beogh.
Beogh was extremely pleased with you.
You were not hungry.

You visited 1 branch of the dungeon, and saw 12 of its levels.
You also visited: Sewer.

You collected 742 gold pieces.
You spent 624 gold pieces at shops.

Inventory:

Hand Weapons
 a - a +3 war axe (weapon)
 d - the +7 lajatang of the Empty Page {protect, *Contam rElec rPois MR++}
   (You acquired it on level 11 of the Dungeon)

   It protects the one who uses it against injury (+AC on strike).
   It insulates you from electricity.
   It protects you from poison.
   It affects your resistance to hostile enchantments.
   It causes magical contamination when unequipped.
Armour
 c - a +1 shield (worn)
 m - a +2 helmet (worn)
 p - a +0 plate armour (worn)
 y - a +1 cloak (worn)
 H - a +2 pair of boots (worn)
Jewellery
 b - an uncursed ring of resist corrosion {unknown}
 k - a +3 ring of dexterity (left hand)
 n - an uncursed amulet of magic regeneration
 o - an uncursed amulet of harm
 v - an uncursed amulet of guardian spirit
 z - a +3 ring of slaying (right hand)
 C - the amulet of the Quahog (around neck) {+Rage rF+ rC++}
   (You found it on level 7 of the Dungeon)

   [amulet of rage]

   It protects you from fire.
   It greatly protects you from cold.
   It lets you go berserk.
 J - an uncursed ring of flight
Wands
 t - a wand of polymorph (12)
 w - a wand of disintegration (11)
 x - a wand of enslavement (7)
 A - a wand of acid (12)
 N - a wand of paralysis (6)
Scrolls
 i - a scroll of amnesia
 j - a scroll of blinking
 l - 10 scrolls of remove curse
 q - 6 scrolls of teleportation
 D - a scroll of fear
 E - a scroll of magic mapping
Potions
 e - 4 potions of flight
 g - 4 potions of brilliance
 h - 4 potions of curing
 r - 2 potions of magic
 F - a potion of haste
 G - a potion of berserk rage {unknown}
Comestibles
 f - 23 rations


   Skills:
 * Level 9.3 Fighting
 * Level 14.6 Axes
 * Level 9.3 Armour
 * Level 5.0 Dodging
 * Level 9.6 Shields
 * Level 7.1 Invocations


You had 11 spell levels left.
You didn't know any spells.
Your spell library contained the following spells:

 Spells                   Type           Power        Failure   Level  Hunger
 Confusing Touch          Hex            #.....       100%        1    ##.....
 Flame Tongue             Conj/Fire      #....        100%        1    ##.....
 Magic Dart               Conj           #...         100%        1    ##.....
 Summon Small Mammal      Summ           #...         100%        1    ##.....
 Blink                    Tloc           N/A          100%        2    ###....
 Call Imp                 Summ           #.......     100%        2    ###....
 Slow                     Hex            #.......     100%        2    ###....
 Throw Flame              Conj/Fire      #.....       100%        2    ###....
 Call Canine Familiar     Summ           #.......     100%        3    ####...
 Confuse                  Hex            #.......     100%        3    ####...
 Conjure Flame            Conj/Fire      #.......     100%        3    ####...
 Gell's Gravitas          Tloc           #.........   100%        3    ####...
 Inner Flame              Hex/Fire       #.......     100%        3    ####...
 Mephitic Cloud           Conj/Pois/Air  #.......     100%        3    ####...
 Summon Guardian Golem    Hex/Summ       #.......     100%        3    ####...
 Petrify                  Tmut/Erth      #.......     100%        4    #####..
 Sticky Flame             Conj/Fire      #.......     100%        4    #####..
 Summon Ice Beast         Ice/Summ       #.......     100%        4    #####..
 Summon Lightning Spire   Summ/Air       #.......     100%        4    #####..
 Throw Icicle             Conj/Ice       #.......     100%        4    #####..
 Borgnjor's Vile Clutch   Necr/Erth      #.........   100%        5    ######.
 Fireball                 Conj/Fire      #.........   100%        5    ######.
 Lee's Rapid Deconstruct  Erth           #.........   100%        5    ######.
 Metabolic Englaciation   Hex/Ice        #.........   100%        5    ######.
 Yara's Violent Unravell  Hex/Tmut       #.........   100%        5    ######.
 Iron Shot                Conj/Erth      #.........   100%        6    #######


Dungeon Overview and Level Annotations

Branches:
Dungeon (12/15)            Temple (0/1) D:4            Lair (0/6) D:9
    Orc (0/2) D:9

Altars:
Gozag
Kikubaaqudgha
Qazlal
Ru
Trog
Yredelemnul
The Shining One

Shops:
D:11 *!

Annotations:
D:6 2 transporters, chipichau's ghost, novice NaVM


Message History

You hear a splash. x3
Your orc wizard mumbles some strange words.
Your orc wizard blinks!
Your orc knight hits the storm dragon from afar with a +0 halberd!!
Your orc knight barely misses the storm dragon.
Something closely misses your orc knight.
Something barely misses your orc knight.
Your orc hits the storm dragon but does no damage.
You are too injured to fight recklessly!
You are too injured to fight recklessly!
As you read the scroll of fog, it crumbles to dust.
The scroll dissolves into smoke.
Your orc knight hits the storm dragon with a +0 halberd!!
The storm dragon breathes lightning at you.
The bolt of lightning hits your orc warrior!!
Your orc warrior dies!
You hear a splash. x2
The bolt of lightning hits the storm dragon.
The storm dragon completely resists.
The bolt of lightning hits you!!
You die...

####..........####
###................###
##.........≈≈oo.......#
##........≈≈≈≈≈oo.......
#.......≈≈≈≈≈≈≈ooooo....
##...o..≈≈≈≈≈≈≈≈≈≈≈≈≈o...
#......≈≈≈########≈≈≈≈o..
#.....o§§§# #≈≈≈≈≈o.
##....≈≈§@§# . #≈≈≈≈≈oo
#....o≈≈§§##.. ##≈≈≈≈≈o
#...)oD≈≈##... ##≈≈≈oo
#..)o)####...# ####o.
#...DC#......# #≈≈
#...)†#).*..# #≈≈
#.....QQ..)# #≈≈
#..........# #≈≈
#...≈≈#.....# #≈≈


You could see 2 storm dragons, 2 friendly orc knights, a friendly orc wizard and
2 friendly orcs.

Vanquished Creatures
  A centaur warrior (D:12)
  3 two-headed ogres
  An unseen horror (D:11)
  A wizard (D:12)
  Pikel (D:5)
  An ugly thing (D:11)
  A cyclops (D:12)
  A komodo dragon (D:9)
  A freezing wraith (D:12)
  3 trolls
  Prince Ribbit (D:6)
  4 hippogriffs
  Sigmund (D:5)
  2 shadows
  A water elemental (D:12)
  A yak (D:11)
  Eustachio (D:4)
  A vampire mosquito (D:12)
  Menkaure (D:5)
  An acid dragon (D:11)
  Duvessa (D:5)
  2 porcupines (D:9)
  A black bear (D:10)
  3 phantoms
  An orc warrior (D:9)
  2 ice beasts
  A sky beast (D:8)
  5 ogres
  2 centaurs
  2 crocodiles (D:9)
  2 big kobolds (Sewer)
  5 bullfrogs
  A gnoll sergeant (D:6)
  2 scorpions
  7 killer bees
  8 wights
  3 electric eels (D:12)
  A vampire bat (D:7)
  2 howler monkeys (D:11)
  3 crimson imps
  A bullfrog zombie (D:12)
  4 orc priests
  4 hounds
  Crazy Yiuf (D:6)
  2 bullfrog skeletons
  4 jellies
  Ijyb (D:5)
  An iguana (D:11)
  10 orc wizards
  6 worker ants
  A hound skeleton (D:9)
  A howler monkey zombie (D:5)
  14 adders
  13 gnolls
  2 worker ant zombies
  2 shadow imps
  A white imp (D:6)
  7 oozes
  2 adder skeletons
  5 worms
  A dart slug (D:2)
  5 leopard geckos
  20 orcs
  4 bat skeletons (D:7)
  A bat zombie (D:7)
  7 giant cockroaches
  10 goblins
  9 hobgoblins
  7 jackals
  4 quokkas
  7 ball pythons
  6 bats
  5 frilled lizards
  10 kobolds
  A leopard gecko skeleton (D:5)
  A leopard gecko zombie (D:5)
  A quokka zombie (D:5)
  8 rats
271 creatures vanquished.

Vanquished Creatures (collateral kills)
  A death knight (D:12)
  An unseen horror (D:11)
  An ugly thing (D:10)
  A centaur zombie (D:11)
  A gargoyle (D:11)
  A freezing wraith (D:12)
  A troll (D:11)
  3 yaks (D:11)
  2 wraiths (D:12)
  A water moccasin (D:11)
  2 porcupines (D:9)
  An orc warrior (D:11)
  An ice beast (D:10)
  2 ogres
  A bullfrog (D:9)
  A wyvern skeleton (D:11)
  3 killer bees
  A howler monkey (D:11)
  A crimson imp (D:9)
  A jelly (D:12)
  2 orc priests
  2 orc wizards
  An iguana (D:9)
  A gnoll (D:10)
  An adder zombie (D:9)
  13 orcs
47 creatures vanquished.

Vanquished Creatures (others)
  An orc sorcerer (D:12)
  3 orc warriors (D:12)
  A wizard (D:5)
  Dowan (D:5)
  An orc priest (D:11)
  5 orc wizards
  21 orcs
  4 oozes (D:4)
  5 kobolds (D:4)
  13 fungi (D:9)
  3 plants (D:9)
  10 toadstools (D:4)
68 creatures vanquished.

Grand Total: 386 creatures vanquished

Notes
Turn   | Place    | Note
-------+----------+-------------------------------------------
     0 | D:1      | Kinoniko the Hill Orc Fighter began the quest for the Orb.
     0 | D:1      | Reached XP level 1. HP: 19/19 MP: 1/1
    15 | D:1      | Reached XP level 2. HP: 17/27 MP: 2/2
   199 | D:1      | Reached XP level 3. HP: 21/33 MP: 3/3
   208 | D:1      | Reached skill level 3 in Axes
   943 | D:2      | Reached XP level 4. HP: 34/40 MP: 4/4
  1197 | D:2      | Reached skill level 4 in Axes
  1718 | D:3      | Reached XP level 5. HP: 45/47 MP: 5/5
  1817 | D:3      | Reached skill level 1 in Dodging
  2055 | D:3      | Found a glowing drain.
  2082 | Sewer    | Entered a sewer
  2413 | Sewer    | Noticed a big kobold
  2430 | Sewer    | Killed a big kobold
  2430 | Sewer    | Reached skill level 5 in Axes
  2430 | Sewer    | Reached XP level 6. HP: 50/53 MP: 6/6
  3352 | D:4      | Became a worshipper of Beogh the Brigand
  3363 | D:4      | Reached skill level 6 in Axes
  3363 | D:4      | Reached XP level 7. HP: 53/60 MP: 7/7
  3733 | D:4      | Reached skill level 5 in Fighting
  3772 | D:4      | Reached skill level 5 in Armour
  3772 | D:4      | Reached skill level 5 in Shields
  3786 | D:4      | HP: 3/61 [poisoned by a scorpion]
  3793 | D:4      | HP: 3/61 [poisoned by a scorpion]
  3801 | D:4      | HP: 2/61 [poisoned by a scorpion]
  4122 | D:4      | Found a staircase to the Ecumenical Temple.
  4167 | D:4      | Noticed Eustachio
  4178 | D:4      | Killed Eustachio
  4178 | D:4      | Reached skill level 7 in Axes
  4242 | D:4      | Found a stormy altar of Qazlal.
  4286 | D:5      | Entered Level 5 of the Dungeon
  4436 | D:5      | Reached XP level 8. HP: 68/68 MP: 8/8
  4550 | D:5      | Reached skill level 8 in Axes
  4699 | D:5      | Reached * piety under Beogh
  4703 | D:5      | Noticed Ijyb
  4719 | D:5      | Killed Ijyb
  4764 | D:5      | Found a bloodstained altar of Trog.
  4767 | D:5      | Noticed a wizard
  4767 | D:5      | Noticed Duvessa
  4768 | D:5      | Noticed Dowan
  4772 | D:5      | Killed a wizard
  4776 | D:5      | Killed Dowan
  4778 | D:5      | Killed Duvessa
  4827 | D:5      | Noticed Sigmund
  4844 | D:5      | Killed Sigmund
  4844 | D:5      | Reached skill level 1 in Invocations
  4989 | D:5      | Noticed Pikel
  5002 | D:5      | Killed Pikel
  5002 | D:5      | Reached skill level 9 in Axes
  5002 | D:5      | Reached XP level 9. HP: 75/75 MP: 10/10
  5038 | D:5      | Noticed Menkaure
  5044 | D:5      | Killed Menkaure
  5432 | D:6      | You fall through a shaft!
  5472 | D:6      | Found a transporter.
  5480 | D:6      | Noticed chipichau's ghost (novice NaVM)
  5482 | D:6      | Found a basalt altar of Yredelemnul.
  5524 | D:6      | Found a glowing golden altar of the Shining One.
  5543 | D:6      | Found a transporter.
  5594 | D:6      | Noticed Prince Ribbit
  5609 | D:6      | Killed Prince Ribbit
  5609 | D:6      | Reached skill level 10 in Axes
  6002 | D:6      | Found a runed translucent door.
  6003 | D:6      | Noticed Crazy Yiuf
  6007 | D:6      | Killed Crazy Yiuf
  6187 | D:6      | Found an opulent altar of Gozag.
  6188 | D:6      | Found a sacrificial altar of Ru.
  6288 | D:7      | Reached ** piety under Beogh
  6578 | D:7      | Got a sparkling silver amulet
  7008 | D:7      | Reached skill level 11 in Axes
  7009 | D:7      | Reached XP level 10. HP: 64/84 MP: 12/12
  7168 | D:7      | Found an ancient bone altar of Kikubaaqudgha.
  8106 | D:8      | Noticed a two-headed ogre
  8120 | D:8      | Killed a two-headed ogre
  8432 | D:8      | Reached skill level 12 in Axes
  8454 | D:8      | Reached *** piety under Beogh
  8739 | D:9      | Found the +2 pair of boots of the Assassin {Detection Stab+
                  | Stlth++}
  8740 | D:9      | Identified the amulet of the Quahog {+Rage rF+ rC++} (You
                  | found it on level 7 of the Dungeon)
  9074 | D:9      | Reached skill level 5 in Invocations
  9378 | D:9      | Found a staircase to the Orcish Mines.
  9423 | D:9      | Reached **** piety under Beogh
  9528 | D:9      | Reached XP level 11. HP: 77/94 MP: 13/15
  9657 | D:9      | Found a staircase to the Lair.
  9866 | D:10     | Entered Level 10 of the Dungeon
  9935 | D:10     | Noticed a white ugly thing
  9952 | D:10     | Reached skill level 13 in Axes
  9954 | D:10     | Killed a white ugly thing
 10564 | D:11     | Killed an unseen horror
 10900 | D:11     | Killed an unseen horror
 10969 | D:11     | Found Viastroy's Distillery.
 11163 | D:11     | Reached ***** piety under Beogh
 11336 | D:11     | Found Utomeul's General Store.
 11339 | D:11     | Bought a scroll of acquirement for 624 gold pieces
 11348 | D:11     | Got a blackened lajatang
 11349 | D:11     | Identified the +7 lajatang of the Empty Page {protect,
                  | *Contam rElec rPois MR++} (You acquired it on level 11 of
                  | the Dungeon)
 11361 | D:11     | Found the +3 pair of gauntlets of War {Slay+5}
 11490 | D:11     | Noticed a white ugly thing
 11501 | D:11     | Killed a white ugly thing
 11857 | D:12     | Noticed a centaur warrior
 11860 | D:12     | Noticed a death knight
 11864 | D:12     | Killed a centaur warrior
 11864 | D:12     | Reached skill level 14 in Axes
 11876 | D:12     | Killed a death knight
 11878 | D:12     | Reached XP level 12. HP: 80/104 MP: 15/17
 11908 | D:12     | Identified Livats's Incunabulum of the Dusty Frostbite
 12004 | D:12     | Noticed a two-headed ogre
 12010 | D:12     | Killed a two-headed ogre
 12010 | D:12     | Noticed a two-headed ogre
 12018 | D:12     | Killed a two-headed ogre
 12324 | D:12     | Reached skill level 5 in Dodging
 12434 | D:12     | Noticed a tengu reaver
 12438 | D:12     | Noticed an ettin
 12440 | D:12     | Noticed a storm dragon
 12441 | D:12     | Noticed a storm dragon
 12460 | D:12     | Killed from afar by a storm dragon

Skill      XL: |  1  2  3  4  5  6  7  8  9 10 11 12 |
---------------+-------------------------------------+-----
Fighting       | 4 5 6 7 9 |  9.3
Axes           | 3 4 5 6 7 9 11 12 14 | 14.6
Armour         | 4 5 6 7 9 |  9.3
Shields        | 4 5 6 7 8 9 |  9.6
Dodging        | 1 2 3 4 5 |  5.0
Invocations    | 2 3 5 6 7 |  7.1

Action                   |  1- 3 |  4- 6 |  7- 9 | 10-12 || total
-------------------------+-------+-------+-------+-------++-------
Melee: War axe           |    80 |   273 |   337 |   457 ||  1147
Invok: Convert to Beogh  |       |     1 |       |       ||     1
       Recall Orcish Fol |       |       |       |     2 ||     2
  Use: Potion            |     1 |     3 |     5 |     8 ||    17
       Scroll            |       |     6 |     9 |    16 ||    31
 Stab: Distracted        |       |       |       |     8 ||     8
       Paralysed         |       |       |       |     8 ||     8
  Eat: Chunk             |       |     7 |     7 |     1 ||    15
       Ration            |       |     1 |     1 |     5 ||     7
Armor: Scale mail        |    51 |       |       |       ||    51
       Plate armour      |       |   149 |   156 |   200 ||   505
       Skin              |       |    10 |     2 |       ||    12
Dodge: Dodged            |    26 |    49 |    67 |    88 ||   230
Block: Shield            |    53 |   150 |   167 |   249 ||   619
